 Dungeon Crawl Stone Soup version 0.31-a0-265-gcf7e37af1d (webtiles) character file.

Game seed: 1042881419329832377

103 qw the Shooter (level 4, -7/26 HPs)
             Began as a Gargoyle Hexslinger on July 13, 2023.
             Mangled by an orc
             ... wielding a +0 trident
              (8 damage)
             ... on level 3 of the Dungeon.
             The game lasted 00:00:51 (1918 turns).

qw the Shooter (Gargoyle Hexslinger)                Turns: 1918, Time: 00:00:52

Health: -7/26      AC:  7    Str: 12    XL:     4   Next: 79%
Magic:  5/5        EV: 12    Int: 13    God:
Gold:   75         SH:  0    Dex: 14    Spells: 4/5 levels left

rFire   . . .        Y - +1 sling
rCold   + . .        (no shield)
rNeg    + . .        a - +2 robe {rC+}
rPois   inf          (no helmet)
rElec   +            (no cloak)
rCorr   .            (no gloves)
SInv    .            (no boots)
Will    .....        (no amulet)
Stlth   +            (no ring)
HPRegen 0.24/turn    (no ring)
MPRegen 0.09/turn

%: no passive effects
@: confused
A: sickness immunity, AC +3, negative energy resistance 1, electricity
resistance, torment resistance 1, petrification resistance
a: no special abilities


You were on level 3 of the Dungeon.
You visited 1 branch of the dungeon, and saw 3 of its levels.

You collected 75 gold pieces.


Innate Abilities, Weirdness & Mutations

You are immune to sickness and miasma.
Your stone body is resilient. (AC +3)
You are immune to poison.
You resist negative energy. (rN+)
You are resistant to electric shocks. (rElec)
You are resistant to unholy torment.
You are immune to petrification.


   Skills:
 - Level 2.0 Fighting
 + Level 4.4 Ranged Weapons
 - Level 0.7 Armour
 - Level 1.5 Dodging
 - Level 1.0 Spellcasting
 - Level 2.6 Hexes


You had 4 spell levels left.
You knew the following spells:

 Your Spells              Type           Power      Damage    Failure   Level
a - Slow                  Hex            28%        N/A       10%         1

Your spell library contained the following spells:

 Spells                   Type           Power      Damage    Failure   Level
 Inner Flame              Hex/Fire       4%         N/A       43%         3
 Portal Projectile        Hex/Tloc       8%         N/A       43%         3
 Cause Fear               Hex            3%         N/A       67%         4

Inventory:

Hand Weapons
 Y - a +1 sling (weapon)
Armour
 a - a +2 robe of cold resistance (worn)
Jewellery
 e - a +4 ring of protection
Scrolls
 b - a scroll of identify
 c - a scroll of teleportation
 j - a scroll of enchant armour
Potions
 d - a potion of ambrosia {unknown}
 f - a potion of brilliance {unknown}
 g - a potion of resistance
 h - a potion of magic {unknown}
 m - a potion of attraction {unknown}

Dungeon Overview and Level Annotations

Branches:
Dungeon (3/15)

Altars:


Message History

The orc is heavily wounded.
You shoot a sling bullet. The sling bullet barely misses the orc.
The orc shouts!
The orc hits you but does no damage. The orc completely misses you.
You shoot a sling bullet. The sling bullet hits the orc.
You kill the orc!
The orc closely misses you.
You shoot a sling bullet. The sling bullet hits the orc.
The orc is lightly wounded.
A goblin comes into view. It is wielding a +0 club.
The kobold closely misses you. The orc misses you.
An orc wizard comes into view. It is wielding a +0 dagger.
The orc barely misses you. The kobold hits you but does no damage.
The orc hits you from afar with a +0 trident.
The goblin moves out of view.
You shoot a sling bullet.
The sling bullet closely misses the orc.
The orc wizard shouts!
You hear a shout!
The kobold hits you but does no damage.
The orc wizard gestures at you while chanting.
You are confused.
The orc hits you with a +0 club.
The orc hits you from afar with a +0 trident!
The kobold hits you but does no damage. The orc barely misses you.
The orc closely misses you. The kobold closely misses you.
The orc hits you but does no damage. The orc misses you.
An orc comes into view. It is wielding a +0 hand axe.
The orc shouts!
The kobold misses you. The orc hits you but does no damage.
The orc hits you from afar with a +0 trident.
The kobold hits you but does no damage. The orc hits you but does no damage.
The orc hits you from afar with a +0 trident!
The orc wizard casts a spell.
The orc wizard flickers and vanishes!
Deactivating autopickup; reactivate with Ctrl-A.
The orc hits you with a +0 mace. The orc closely misses you.
The orc hits you from afar with a +0 trident!
You die...

##.......##......##.##...
...#.#......##..##.##.#
#.#........##..##....##
#.....###..##..........
#.##..###......##.##%.. #
#...................
..#####........#..........
....o.)..o..........##.#..
......#o.@........#.##.#..
..K)..#.Ko..........##>#..
.o... #..#{#.........###..
..### ##.#............ ...
. #......... ####
#.#....... #....... . #.
.....#


You could see 4 orcs and a kobold.

Vanquished Creatures
  4 adders
  A worm (D:2)
  3 orcs (D:3)
  9 ball pythons
  3 endoplasms
  2 giant cockroaches (D:1)
  10 goblins
  5 hobgoblins
  A jackal (D:1)
  5 quokkas
  5 bats
  3 frilled lizards
  2 kobolds (D:1)
  5 rats
58 creatures vanquished.

Notes
Turn   | Place    | Note
-------+----------+-------------------------------------------
     0 | D:1      | qw the Gargoyle Hexslinger began the quest for the Orb.
     0 | D:1      | Reached XP level 1. HP: 12/12 MP: 2/2
     0 | D:1      | 0 ||| qw: Version: 0.3-a-52-g30416fa
     0 | D:1      | 0 ||| qw: Game counter: 7648
     0 | D:1      | 0 ||| qw: Melee chars always use a shield: true
     0 | D:1      | 0 ||| qw: God list: Okawaru
     0 | D:1      | 0 ||| qw: Allow faded altars: false
     0 | D:1      | 0 ||| qw: Do Orc after clearing Dungeon:15 true
     0 | D:1      | 0 ||| qw: Do second Lair branch before Depths: true
     0 | D:1      | 0 ||| qw: Lair rune preference: random
     0 | D:1      | 0 ||| qw: Goals: Normal
     0 | D:1      | 0 ||| PLANNING D:1-11
    70 | D:1      | Reached XP level 2. HP: 12/16 MP: 3/3
   155 | D:1      | Reached skill level 3 in Ranged Weapons
   345 | D:1      | Reached XP level 3. HP: 21/21 MP: 4/4
   905 | D:1      | Found a faded altar of an unknown god.
   930 | D:1      | 930 ||| UPGRADING to +0 ring mail.
   940 | D:1      | 940 ||| DROPPING +0 robe.
   941 | D:1      | 941 ||| READING scroll labelled GYDDUO NUNING.
   942 | D:1      | 942 ||| READING scroll labelled MOIFAU ED VELU.
   943 | D:1      | 943 ||| READING scroll labelled UCZUWK NUHEDD.
   946 | D:1      | 946 ||| READING 2 scrolls labelled YPALOU BAFUGOO.
   947 | D:1      | 947 ||| READING scroll labelled TAAMUXT ELUT.
   948 | D:1      | 948 ||| READING scroll labelled WIATHIE RUNIPN.
   949 | D:1      | 949 ||| DRINKING 2 bubbling puce potions.
   950 | D:1      | 950 ||| DROPPING scroll of poison.
  1275 | D:2      | Reached XP level 4. HP: 20/26 MP: 5/5
  1313 | D:2      | Reached skill level 4 in Ranged Weapons
  1763 | D:2      | 1763 ||| UPGRADING to +2 robe of cold resistance.
  1773 | D:2      | 1773 ||| DROPPING +0 ring mail.
  1905 | D:3      | 1905 ||| Stepping ~*~*~tactically~*~*~ (outnumbered).
  1906 | D:3      | 1906 ||| Stepping ~*~*~tactically~*~*~ (outnumbered).
  1917 | D:3      | HP: 4/26 [orc/+0 trident (7)]
  1918 | D:3      | HP: 1/26 [orc/+0 mace (3)]
  1918 | D:3      | Mangled by an orc

Levels and vault maps discovered:
D:1:      mainiacjoe_arrival_reflecting_pool, layout_basic,
          shapermc_ecumenical_altar_pompeii, minivault_24,
          corexii_item_surrounded_by_moat, palyth_stone_intersect,
          minmay_three_crescents
D:2:      layout_basic, kennysheep_potato
D:3:      layout_basic, mainiacjoe_overflow_six_doors_small,
          mainiacjoe_overflow_alcove_4, lightli_corner_chamber

Skill      XL: |  1  2  3  4 |
---------------+-------------+-----
Ranged Weapons | 3 4 |  4.4
Fighting       | 2 |  2.0
Armour         | |  0.7
Dodging        | |  1.5
Spellcasting   | |  1.0
Hexes          | |  2.6

Action                     |  1- 3 |  4- 6 || total
---------------------------+-------+-------++-------
   Fire: Sling             |   130 |    71 ||   201
    Use: Scroll            |     6 |       ||     6
         Potion            |     1 |       ||     1
 Armour: Robe              |    15 |    16 ||    31
         Ring mail         |     8 |     2 ||    10
  Dodge: Dodged            |    43 |    27 ||    70

Table legend:
 A = Non-vault XP
 B = Vault XP
 C = Vault XP percentage of total XP
 D = Non-vault monster count
 E = Vault monster count
 F = Vault count percentage of total count
                 A         B        C        D         E       F
            +---------+---------+-------+---------+---------+-------
      Total |     122 |      26 |  17.6 |      50 |       8 |  13.8
            +---------+---------+-------+---------+---------+-------
        D:1 |      43 |      11 |  20.4 |      25 |       6 |  19.4
        D:2 |      47 |      15 |  24.2 |      15 |       2 |  11.8
        D:3 |      32 |       0 |   0.0 |      10 |       0 |   0.0
            +---------+---------+-------+---------+---------+-------
